 Dungeon Crawl Stone Soup version 0.31.0-11-ge490571c62 (webtiles) character file.

Game seed: 16543124581394419913

249 EvilDarkOverLord the Shooter (level 6, -4/47 HPs)
             Began as a Human Hunter on Feb 8, 2024.
             Succumbed to a scorpion's poison
             ... on level 4 of the Dungeon.
             The game lasted 00:31:04 (2449 turns).

EvilDarkOverLord the Shooter (Human Hunter)         Turns: 2449, Time: 00:31:04

Health: -4/47      AC: 11    Str: 11    XL:     6   Next: 12%
Magic:  6/6        EV: 13    Int: 10    God:
Gold:   167        SH:  0    Dex: 18    Spells: 5/5 levels left

rFire   . . .        l - +1 sling (heavy)
rCold   . . .        (no shield)
rNeg    . . .        c - +1 leather armour
rPois   .            (no helmet)
rElec   .            (no cloak)
rCorr   .            (no gloves)
SInv    +            o - +1 pair of boots
Will    .....        (no amulet)
Stlth   +++          i - ring of flight
HPRegen 0.27/turn    k - +4 ring of protection
MPRegen 0.10/turn

%: clarity
@: lethally poisoned (-4 -> -27), flying
A: explore regen, see invisible, clarity, shaggy fur 1
a: no special abilities


You were on level 4 of the Dungeon.
You visited 1 branch of the dungeon, and saw 4 of its levels.

You collected 167 gold pieces.

Inventory:

Hand Weapons
 a - a +0 shortbow
 e - a +1 dagger
 f - a +0 whip
 l - a +1 heavy sling (weapon)
 m - a +0 dagger
Missiles
 g - 13 stones
 n - 2 throwing nets
Armour
 c - a +1 leather armour (worn)
 j - a +1 helmet
 o - a +1 pair of boots (worn)
Jewellery
 i - a ring of flight (left hand)
 k - a +4 ring of protection (right hand)
Talismans
 d - a beast talisman
Scrolls
 h - a scroll of amnesia


   Skills:
 + Level 3.2 Fighting
 + Level 2.2 Short Blades
 - Level 4.0 Ranged Weapons
 + Level 3.2 Dodging
 * Level 4.0 Stealth


You had 5 spell levels left.
You didn't know any spells.
Your spell library contained the following spells:

 Spells                   Type           Power      Damage    Failure   Level
 Static Discharge         Conj/Air       0%         3-3/arc   58%         2
 Swiftness                Air            0%         N/A       83%         3
 Vhi's Electric Charge    Tloc/Air       0%         N/A       99%         4
 Plasma Beam              Fire/Air       0%         2x1d10    100%        6


Dungeon Overview and Level Annotations

Branches:
Dungeon (4/15)
 Temple: D:4-7

Altars:

Annotations:
D:4 Grinder


Innate Abilities, Weirdness & Mutations

You regain HP and MP as you explore.
You have supernaturally acute eyesight. (SInv)
You possess an exceptional clarity of mind.
You are covered in fur. (AC +1)


Message History

The sleepcap releases spores at your butterfly.
Your butterfly dies!
Your butterfly disappears in a burst of colours!
You shoot a sling bullet. The sling bullet hits the scorpion!
The scorpion is heavily wounded.
You feel sick.
You are no longer poisoned.
The scorpion stings you but does no damage.
The black bear bites your butterfly!
Your butterfly dies!
Your butterfly disappears in a burst of colours!
The scorpion barely misses you.
You shoot a sling bullet. The sling bullet hits the sleepcap.
The sleepcap is lightly damaged.
The scorpion closely misses you. Grinder gestures at you.
Your butterfly writhes in agony!
Your butterfly dies!
Your butterfly disappears in a burst of colours!
The sleepcap releases spores at you.
* * * LOW HITPOINT WARNING * * *
You are engulfed in a cloud of soporific spores!
You are unaffected.
The scorpion stings you.
* * * LOW HITPOINT WARNING * * *
You are lethally poisoned!
The scorpion poisons you!
You shoot a sling bullet.
The sling bullet barely misses the scorpion.
* * * LOW HITPOINT WARNING * * *
You feel very sick. The scorpion misses you. The sleepcap barely misses you.
The scorpion completely misses you.
The sleepcap releases spores at you but does no damage.
The scorpion stings you.
* * * LOW HITPOINT WARNING * * *
You are more poisoned.
The scorpion poisons you!
You shoot a sling bullet. The sling bullet hits the scorpion!
You kill the scorpion!
You die...

.. .. ##♣ .. ..♣..
#.♣ ♣♣♣♣§♣♣ ..♣.P
♣.♣♣.PP§..
.....♣♣♣♣..b...b.♣♣P.
#........##..#bb§§...
#......b##b##b.bb..
##....)...bbbbb#..#
#........#bb@.##.#
##......##bb.f#..####
##.....#..##h.b.[..5
#.....##...b.......
##........##.......
##.†..#......5.....
##.<#..#..#...b.....
#...##....#..##.....
##.......##.[. .#...


You could see Grinder, a black bear and a sleepcap (ally target).

Vanquished Creatures
  A scorpion (D:4)
  2 hounds (D:4)
  Robin (D:3)
  7 gnolls (D:3)
  3 adders
  3 dart slugs
  A ribbon worm (D:3)
  An orc (D:3)
  4 bats
  7 endoplasms
  2 giant cockroaches (D:1)
  9 goblins
  9 hobgoblins
  3 jackals (D:2)
  3 kobolds
  6 quokkas
  2 ball pythons (D:1)
  4 frilled lizards
  7 rats
75 creatures vanquished.

Notes
Turn   | Place    | Note
-------+----------+-------------------------------------------
     0 | D:1      | EvilDarkOverLord the Human Hunter began the quest for the
                  | Orb.
     0 | D:1      | Reached XP level 1. HP: 16/16 MP: 1/1
    29 | D:1      | Reached XP level 2. HP: 15/22 MP: 2/2
   138 | D:1      | Identified a scroll of acquirement
   138 | D:1      | Acquired a ring of flight
   250 | D:1      | Gained mutation: Your mind is acute. (Int +4, Str/Dex -1)
                  | [potion of mutation]
   250 | D:1      | Gained mutation: Your spells are a little harder to cast,
                  | but a little more powerful. [potion of mutation]
   250 | D:1      | Lost mutation: Your spells are a little harder to cast, but
                  | a little more powerful. [potion of mutation]
   250 | D:1      | Gained mutation: You have supernaturally acute eyesight.
                  | (SInv) [potion of mutation]
   487 | D:1      | Reached XP level 3. HP: 22/27 MP: 3/3
   864 | D:2      | Reached skill level 1 in Short Blades
   884 | D:2      | Lost mutation: You have supernaturally acute eyesight.
                  | (SInv) [potion of mutation]
   884 | D:2      | Lost mutation: Your mind is acute. (Int +4, Str/Dex -1)
                  | [potion of mutation]
   884 | D:2      | Gained mutation: You are covered in fur. (AC +1) [potion of
                  | mutation]
   884 | D:2      | Gained mutation: You have supernaturally acute eyesight.
                  | (SInv) [potion of mutation]
   884 | D:2      | Gained mutation: You possess an exceptional clarity of
                  | mind. [potion of mutation]
  1077 | D:2      | Reached XP level 4. HP: 33/34 MP: 4/4
  1528 | D:3      | Got Sehezav's Catalogue of Fog
  1558 | D:3      | Noticed Robin
  1664 | D:3      | Killed Robin
  1930 | D:3      | Reached XP level 5. HP: 32/40 MP: 5/5
  2395 | D:4      | Noticed Grinder
  2400 | D:4      | Paralysed by Grinder for 3 turns
  2425 | D:4      | Noticed a black bear
  2431 | D:4      | Reached XP level 6. HP: 19/47 MP: 6/6
  2449 | D:4      | Succumbed to a scorpion's poison

Illustrated notes

Levels and vault maps discovered:
D:1:      wander_arrival_lonely_grave, layout_loops_ring, minivault_24
D:2:      layout_loops_cross, minmay_misc_feat_cross
D:3:      layout_loops_cross, uniq_robin
D:4:      wad_woods_tower, layout_cave_pools, minitemple, moated_statue,
          uniq_grinder, uniq_menkaure

Skill      XL: |  1  2  3  4  5 |
---------------+----------------+-----
Stealth        | 2 3 4 |  4.0
Short Blades   | 1 2 |  2.2
Fighting       | 3 |  3.2
Dodging        | 3 |  3.2
Ranged Weapons | |  4.0

Action                     |  1- 3 |  4- 6 || total
---------------------------+-------+-------++-------
  Melee: Dagger            |   185 |   201 ||   386
         Punch             |     1 |     3 ||     4
   Fire: Shortbow          |    13 |       ||    13
         Sling             |       |    24 ||    24
  Throw: Stone             |       |     1 ||     1
    Use: Scroll            |     6 |     6 ||    12
         Potion            |     6 |       ||     6
   Stab: Sleeping          |     3 |     5 ||     8
 Armour: Leather armour    |   120 |   201 ||   321
  Dodge: Dodged            |   127 |   231 ||   358
